 Dungeon Crawl Stone Soup version 0.24-a0-408-gcc1054c7ca (webtiles) character file.

Game seed: 7889963560911752528

95 Holzbalken the Poker (level 4, -5/33 HPs)
             Began as a Demonspawn Gladiator on June 5, 2019.
             Slain by Sigmund
             ... wielding a +3 scythe of protection
              (11 damage)
             ... on level 3 of the Dungeon.
             The game lasted 00:07:09 (2585 turns).

Holzbalken the Poker (Demonspawn Gladiator)         Turns: 2585, Time: 00:07:10

Health: -5/33      AC:  6    Str: 21    XL:     4   Next: 40%
Magic:  4/4        EV: 12    Int:  9    God:
Gold:   117        SH:  0    Dex: 14    Spells: 3/3 levels left

rFire    . . .     SeeInvis .   g - +0 halberd
rCold    . . .     Gourm    .   (shield currently unavailable)
rNeg     . . .     Faith    .   n - +0 ring mail
rPois    .         Spirit   .   c - +0 helmet
rElec    .         Reflect  .   (no cloak)
rCorr    .         Harm     .   (no gloves)
MR       .....                  (no boots)
Stlth    ..........             (no amulet)
HPRegen  0.11/turn              (no ring)
MPRegen  0.09/turn              (no ring)

@: confused, mighty
A: powered by pain 1
a: no special abilities


You were on level 3 of the Dungeon.
You were hungry.

You visited 1 branch of the dungeon, and saw 3 of its levels.

You collected 117 gold pieces.

Inventory:

Hand Weapons
 a - a +0 trident
 g - a +0 halberd (weapon)
Missiles
 d - 3 throwing nets (quivered)
Armour
 b - a +0 leather armour
 c - a +0 helmet (worn)
 n - a +0 ring mail (worn)
Wands
 o - a wand of flame (10)
Scrolls
 h - 3 scrolls of identify {unknown}
 i - a scroll of magic mapping {unknown}
 j - 4 scrolls of teleportation {unknown}
Potions
 e - a potion of berserk rage {unknown}
 k - a potion of agility {unknown}
 l - 4 potions of curing {unknown}
 m - a potion of heal wounds {unknown}
 p - a potion of haste {unknown}
Comestibles
 f - 5 rations


   Skills:
 + Level 2.0 Fighting
 * Level 4.7 Polearms
 - Level 1.7 Throwing
 - Level 2.6 Dodging


You had 3 spell levels left.
You didn't know any spells.
Your spell library was empty.

Dungeon Overview and Level Annotations

Branches:
Dungeon (3/15)

Altars:
Fedhas
Sif Muna

Annotations:
D:3 Sigmund


Innate Abilities, Weirdness & Mutations

You sometimes gain a little power by taking damage.


Message History

Sigmund gestures at you while chanting.
You are confused.
You are too confused!
You're too confused!
Unknown command.
Sigmund casts a spell.
Sigmund flickers and vanishes!
Deactivating autopickup; reactivate with Ctrl-A.
You closely miss something.
You hear some strange, mumbled words.
A magic dart appears from out of thin air!
The magic dart hits you!
You focus on the pain.
You feel very mighty all of a sudden.
You hear some strange, mumbled words.
A magic dart appears from out of thin air!
The magic dart hits you.
You're too confused to move!
Something hits you!
* * * LOW HITPOINT WARNING * * *
Something hits you!
You die...

≈ ≈#§≈..........######
#≈##≈≈...........#
.≈..§§§≈.......##'##
..≈....§≈..#######.#
............# #.#
........).%.# #.#
......?..###.#######.# #
!.....%...+{.<##......# #
...........#@......####
.............≈≈≈...# ##
...........≈≈≈≈≈≈≈..# #.
..........≈≈≈≈≈≈≈≈≈..#######.
.........≈≈≈≈≈≈≈≈≈≈≈...#.....
.........≈≈≈≈♣>P≈≈≈≈.........
######.≈≈≈≈PP...≈≈≈≈.##.....
#..≈≈≈≈.P_♣♣≈≈≈≈.##.....
##.≈≈≈≈PPP..≈≈≈≈.##.....


There were no monsters in sight!

Vanquished Creatures
  A gnoll (D:1)
  2 adders (D:2)
  An ooze (D:3)
  2 worms (D:3)
  2 dart slugs (D:1)
  2 leopard geckos
  7 goblins
  10 hobgoblins
  4 kobolds
  2 quokkas (D:3)
  8 bats
  4 frilled lizards
  5 rats
50 creatures vanquished.

Notes
Turn   | Place    | Note
-------+----------+-------------------------------------------
     0 | D:1      | Holzbalken the Demonspawn Gladiator began the quest for the
                  | Orb.
     0 | D:1      | Reached XP level 1. HP: 16/16 MP: 1/1
    78 | D:1      | Reached skill level 3 in Polearms
   272 | D:1      | Gained mutation: You sometimes gain a little power by
                  | taking damage. [demonic ancestry]
   272 | D:1      | Reached XP level 2. HP: 13/22 MP: 2/2
   645 | D:1      | Reached XP level 3. HP: 24/27 MP: 3/3
  1146 | D:1      | Reached skill level 4 in Polearms
  1248 | D:2      | Found a deep blue altar of Sif Muna.
  1497 | D:2      | Found a faded altar of an unknown god.
  1609 | D:2      | Reached XP level 4. HP: 33/33 MP: 4/4
  2320 | D:3      | Found a blossoming altar of Fedhas.
  2326 | D:3      | Noticed Sigmund
  2585 | D:3      | Slain by Sigmund

Levels and vault maps discovered:
D:1:      minmay_arrival_cross, layout_loops_ring
D:2:      layout_basic, old_standard_altar, chequers_ecumenical_altar_grove
D:3:      layout_basic, fedhas_ov_isle_minmay, nicolae_overflow_hidden_temple,
          nicolae_qazlal_general_emergency, uniq_sigmund

Skill      XL: |  1  2  3 |
---------------+----------+-----
Polearms       | 3 4 |  4.7
Fighting       | |  2.0
Throwing       | |  1.7
Dodging        | |  2.6

Action                   |  1- 3 |  4- 6 || total
-------------------------+-------+-------++-------
Melee: Trident           |    32 |       ||    32
       Halberd           |    72 |    75 ||   147
 Stab: Sleeping          |     4 |       ||     4
  Eat: Chunk             |     2 |     3 ||     5
Armor: Leather armour    |    17 |       ||    17
       Ring mail         |       |    15 ||    15
Dodge: Dodged            |    60 |    36 ||    96

Table legend:
 A = Non-vault XP
 B = Vault XP
 C = Vault XP percentage of total XP
 D = Non-vault monster count
 E = Vault monster count
 F = Vault count percentage of total count
                 A         B        C        D         E       F
            +---------+---------+-------+---------+---------+-------
      Total |     137 |       0 |   0.0 |      50 |       0 |   0.0
            +---------+---------+-------+---------+---------+-------
        D:1 |      56 |       0 |   0.0 |      21 |       0 |   0.0
        D:2 |      50 |       0 |   0.0 |      18 |       0 |   0.0
        D:3 |      31 |       0 |   0.0 |      11 |       0 |   0.0
            +---------+---------+-------+---------+---------+-------
